 Dungeon Crawl Stone Soup version 0.16-b1 (webtiles) character file.

86 dithyrambik the Chopper (level 4, -1/35 HPs)
             Began as a Formicid Abyssal Knight on Mar 15, 2015.
             Was a Follower of Lugonu.
             Slain by Terence
             ... wielding a +0 short sword
              (4 damage)
             ... on level 2 of the Dungeon.
             The game lasted 00:07:01 (2613 turns).

dithyrambik the Chopper (Formicid Abyssal Knight)   Turns: 2613, Time: 00:07:01

Health: -1/35      AC:  3    Str: 17    XL:     4   Next: 77%
Magic:  7/7        EV: 13    Int: 12    God:    Lugonu [*.....]
Gold:   54         SH:  5    Dex: 10    Spells: 0 memorised, 3 levels left

rFire  . . .     SeeInvis +     a - +1 hand axe
rCold  . . .     Clarity  .     b - +0 leather armour
rNeg   . . .     SustAb   .     g - +1 buckler
rPois  .         Gourm    .     (helmet unavailable)
rElec  .         Spirit   .     (no cloak)
rCorr  .         Warding  .     (no gloves)
rMut   .         Stasis   +     (no boots)
MR     .....                    (no amulet)
Stlth  +.........               (no ring)
                                e - +2 ring of evasion

@: lethally poisoned (-1 -> -2), not resistant to hostile enchantments, very
unstealthy
A: permanent stasis, dig shafts and tunnels, four strong arms, antennae 3
a: Dig, Shaft Self, Depart the Abyss, Renounce Religion


You were on level 2 of the Dungeon.
You worshipped Lugonu.
Lugonu was aware of your devotion.
You were hungry.

You visited 1 branch of the dungeon, and saw 2 of its levels.
You visited the Abyss 1 time.

You collected 54 gold pieces.

Inventory:

Hand weapons
 a - a +1 hand axe (weapon)
Armour
 b - a +0 leather armour (worn)
 g - a +1 buckler (worn)
Jewellery
 e - a +2 ring of evasion (left hand)
Scrolls
 d - a scroll of fog {unknown}
 m - a scroll of remove curse
Potions
 f - a potion of haste {unknown}
 h - a potion of mutation {unknown}
 i - a potion of cancellation {unknown}
 k - 2 potions of invisibility {unknown}
 l - 3 potions of cure mutation {unknown}
Comestibles
 c - 2 bread rations
 j - 3 meat rations
 n - 2 chunks of flesh


   Skills:
 - Level 3.2 Fighting
 * Level 3.3 Axes
 - Level 2.1 Armour
 - Level 0.8 Dodging
 * Level 2.6 Shields
 + Level 3.1 Invocations


You had 3 spell levels left.
You didn't know any spells.

Dungeon Overview and Level Annotations

Branches:
Dungeon (2/15)

Altars:

Annotations:
D:2 Terence


Innate Abilities, Weirdness & Mutations

You are under a permanent stasis effect.
You can dig through walls and to a lower floor.
Your four strong arms can wield two-handed weapons with a shield.
You have a pair of large antennae on your head (SInv).


Message History

You hit Terence but do no damage.
Terence is moderately wounded.
You feel sick. Terence hits you with a short sword.
* * * LOW HITPOINT WARNING * * *
You are too injured to fight recklessly!
You are too injured to fight recklessly!
You are too injured to fight recklessly!
Drink which item? (? for menu, Esc to quit)
Okay, then.
Use which ability? (? or * to list)
Okay, then.
You feel sick.
You feel sick.
You feel sick.
You feel sick. Terence barely misses you.
You feel sick.
There is an escape hatch in the ceiling here.
Terence hits you with a short sword.
You die...

*,* #.#.#........#,#.# *,#.#
*,* #.#..........#,#.# *,#,*
*,* #.#..).....#.#,#†# *,*,*
*,* *.#.#.#.####,*,#.# *,*,*
*,**** *,#...#...<#,*,#.#
*,*,* *,,,,*
*,###......#,*,#.# *,*,*
****,* #.##....##.#,*,#.#
*,*{* *,* #.......'..#,,,#.#
*,*,*
*,***####...@########.###,*,*
*,,,.........@..........#,*,*
*****####################,*,*
*,,,,,,,,,,*,* *,**********,*
*,* *,* *,* *****,* *,*
*,,,*,* *,* *,,,*,*


You could see Terence.

Vanquished Creatures
  4 adders (D:2)
  A worm (D:2)
  4 giant geckos
  An ooze (D:1)
  10 goblins
  5 hobgoblins
  3 kobolds
  2 ball pythons
  5 bats
  2 giant cockroaches
  4 giant newts
  7 rats
48 creatures vanquished.

Notes
Turn   | Place    | Note
--------------------------------------------------------------
     0 | Abyss:1  | dithyrambik, the Formicid Abyssal Knight, began the quest for the Orb.
     0 | Abyss:1  | Reached XP level 1. HP: 18/18 MP: 1/1
   161 | Abyss:1  | Noticed a small abomination
   167 | Abyss:1  | Noticed a lorocyproca
   171 | Abyss:1  | Noticed an ancient zyme
   175 | D:1      | Escaped the Abyss
   722 | D:1      | Reached XP level 2. HP: 24/24 MP: 3/3
   722 | D:1      | Acquired Lugonu's first power
   861 | D:1      | Reached skill level 1 in Shields
  1044 | D:1      | Reached XP level 3. HP: 29/29 MP: 5/5
  2114 | D:2      | Reached XP level 4. HP: 14/35 MP: 6/6
  2588 | D:2      | Noticed Terence
  2613 | D:2      | Slain by Terence

Action                   |  1- 3 |  4- 6 || total
-------------------------+-------+-------++-------
Melee: Hand axe          |    95 |    43 ||   138
Invok: Depart the Abyss  |     1 |       ||     1
  Use: Scroll            |     3 |       ||     3
  Eat: Chunk             |     4 |     1 ||     5
